Match 48571140
Unlisted

Match 48571140
End
Construct Infanterie Kompanie
Selects Luftwaffe Battlegroup
MG 42 Machine Gun Team
Grenadier Squad
MG 42 Bunker
Grenadier Squad
Grenadier Squad
Construct Panzergrenadier Kompanie
Panzergrenadier Squad
Support Elements
Medical Station
Selects Luftwaffe Pioneer Support
Selects Flak 38 Anti-Air Emplacement
Pak 40 Anti-tank Gun Team
Construct Luftwaffe Kompanie
Fallschirmpioneer Squad Paradrop
Infanterie Officer Quarters
Selects Reconnaissance Run
Selects Fallschirmjäger Squad Paradrop
Nebelwerfer 42 Rocket Launcher Team
StuG III G Assault Gun
Fallschirmpioneer Squad Paradrop
Nebelwerfer 42 Rocket Launcher Team
Reconnaissance Run
Fallschirmpioneer Squad Paradrop
Construct Panzer Kompanie
Selects Fragmentation Bombs
Selects Infantry Reserves
Jäger Squad
Reconnaissance Run
Fragmentation Bombs
Panzer IV Medium Tank
Jäger Squad
Reconnaissance Run
Panzer IV Medium Tank
Reconnaissance Run
Reconnaissance Run
Fallschirmpioneer Squad Paradrop
Panzer IV Medium Tank
Reconnaissance Run
Fallschirmpioneer Squad Paradrop
Fragmentation Bombs
MAVNE
Sad Pepe
gio_misro
sw
SuperJan91
ElGordoRegalado
0
0

Comments sign in to comment!

No comments posted yet!